FAAA
RENO CHUKARS @ CHICAGO PACKERS
07/16/2050
 
TOP OF THE 1ST
Inglewood Infiltrators batting - Pitching for Chesapeake Bayhawks : RHP Ken Harvey
Pitching: RHP Ken Harvey
Batting: RHB Dean Anderson 0-0: Ball
1-0: Foul Ball, location: 2F
1-1: Called Strike
1-2: Strikes out swinging
Batting: LHB Franklin Grimes 0-0: Ball
1-0: Ball
2-0: SINGLE (Groundball, 34D, EV 105.6 MPH)
Batting: RHB Juan Rivera 0-0: Called Strike
0-1: Foul Ball, location: 2F
0-2: Foul Ball, location: 2F
0-2: Fielders Choice at 2nd, 6-4 (Groundball, 6, EV 90.6 MPH)
Batting: LHB José Rosales 0-0: Ball
1-0: Fly out, F7 (Flyball, 7LS, EV 73.1 MPH)
Top of the 1st over - 0 runs, 1 hit, 0 errors, 1 left on base; Inglewood 0 - Chesapeake 0
BOTTOM OF THE 1ST
Chesapeake Bayhawks batting - Pitching for Inglewood Infiltrators : RHP Fernando Torres
Pitching: RHP Fernando Torres
Batting: RHB Doyle Kursumulu 0-0: Ground out U3 (Groundball, 34S, EV 85.6 MPH)
Batting: RHB Brendan Aitcheson 0-0: Called Strike
0-1: Ground out 5-3 (Groundball, 56S, EV 65.6 MPH)
Batting: LHB Chance Pitts 0-0: Ball
1-0: Called Strike
1-1: Ground out 4-3 (Groundball, 4, EV 79.4 MPH)
Bottom of the 1st over - 0 runs, 0 hits, 0 errors, 0 left on base; Inglewood 0 - Chesapeake 0
TOP OF THE 2ND
Inglewood Infiltrators batting - Pitching for Chesapeake Bayhawks : RHP Ken Harvey
Batting: SHB Carlos Pacheco 0-0: Ball
1-0: Called Strike
1-1: Ball
2-1: Ball
3-1: Fly out, F8 (Flyball, 8LXD, EV 106.2 MPH)
Batting: LHB Robin Lee 0-0: Called Strike
0-1: Ball
1-1: Foul Ball, location: 2F
1-2: Ball
2-2: Foul Ball, location: 2F
2-2: Ball
3-2: Foul Ball, location: 2F
3-2: Strikes out swinging
Batting: RHB Christopher Stout 0-0: Ball
1-0: Swinging Strike
1-1: Foul Ball, location: 2F
1-2: Foul Ball, location: 2F
1-2: Fly out, F6 (Flyball, 6D, EV 82.5 MPH)
Top of the 2nd over - 0 runs, 0 hits, 0 errors, 0 left on base; Inglewood 0 - Chesapeake 0
BOTTOM OF THE 2ND
Chesapeake Bayhawks batting - Pitching for Inglewood Infiltrators : RHP Fernando Torres
Batting: LHB Juan Beltrán 0-0: Swinging Strike
0-1: Swinging Strike
0-2: Strikes out swinging
Batting: RHB Kevin Alexander 0-0: Ball
1-0: Ground out 6-3 (Groundball, 6, EV 96.2 MPH)
Batting: RHB Remie Blenkin 0-0: Called Strike
0-1: Ball
1-1: Swinging Strike
1-2: Ground out 5-3 (Groundball, 56, EV 88.1 MPH)
Bottom of the 2nd over - 0 runs, 0 hits, 0 errors, 0 left on base; Inglewood 0 - Chesapeake 0
TOP OF THE 3RD
Inglewood Infiltrators batting - Pitching for Chesapeake Bayhawks : RHP Ken Harvey
Batting: RHB Horace Prince 0-0: Foul Ball, location: 2F
0-1: Ball
1-1: Called Strike
1-2: SINGLE (Line Drive, 8LS, EV 106.2 MPH)
Batting: RHB Fernando Torres 0-0: Ball
1-0: Ball
2-0: Bunt missed!
2-1: Sac Bunt to 3S - play at first, batter OUT! 3-1
Horace Prince to second
Batting: RHB Dean Anderson 0-0: Ball
1-0: Ball
2-0: Foul Ball, location: 2F
2-1: Foul Ball, location: 2F
2-2: Strikes out looking
Batting: LHB Franklin Grimes 0-0: Called Strike
0-1: Ball
1-1: Foul Ball, location: 2F
1-2: Foul Ball, location: 2F
1-2: Ball
2-2: Foul Ball, location: 2F
2-2: Foul Ball, location: 2F
2-2: 2-RUN HOME RUN (Flyball, 9D, EV 105.0 MPH), Distance : 404 ft
Batting: RHB Juan Rivera 0-0: Ball
1-0: Ball
2-0: Fly out, F8 (Line Drive, 8LM, EV 96.2 MPH)
Top of the 3rd over - 2 runs, 2 hits, 0 errors, 0 left on base; Inglewood 2 - Chesapeake 0
BOTTOM OF THE 3RD
Chesapeake Bayhawks batting - Pitching for Inglewood Infiltrators : RHP Fernando Torres
Batting: RHB Alfredo Martínez 0-0: Ground out 4-3 (Groundball, 4S, EV 86.2 MPH)
Batting: SHB Glenn Hart 0-0: SOLO HOME RUN (Flyball, 9D, EV 102.5 MPH), Distance : 398 ft
Batting: RHB Ken Harvey 0-0: Swinging Strike
0-1: Called Strike
0-2: Fly out, F2 (Popup, 23F, EV 75.6 MPH)
Batting: RHB Doyle Kursumulu 0-0: Called Strike
0-1: Called Strike
0-2: Foul Ball, location: 2F
0-2: Strikes out looking
Bottom of the 3rd over - 1 run, 1 hit, 0 errors, 0 left on base; Inglewood 2 - Chesapeake 1
TOP OF THE 4TH
Inglewood Infiltrators batting - Pitching for Chesapeake Bayhawks : RHP Ken Harvey
Batting: LHB José Rosales 0-0: Fly out, F4 (Line Drive, 4, EV 73.8 MPH)
Batting: SHB Carlos Pacheco 0-0: Foul Ball, location: 2F
0-1: Ball
1-1: Ball
2-1: Ball
3-1: Foul Ball, location: 2F
3-2: Fly out, F7 (Flyball, 7D, EV 96.9 MPH)
Batting: LHB Robin Lee 0-0: Foul Ball, location: 2F
0-1: Foul Ball, location: 2F
0-2: Hit by Pitch
Batting: RHB Christopher Stout 0-0: Called Strike
0-1: Foul Ball, location: 2F
0-2: Fly out, F8 (Flyball, 8LS, EV 91.2 MPH)
Top of the 4th over - 0 runs, 0 hits, 0 errors, 1 left on base; Inglewood 2 - Chesapeake 1
BOTTOM OF THE 4TH
Chesapeake Bayhawks batting - Pitching for Inglewood Infiltrators : RHP Fernando Torres
Batting: RHB Brendan Aitcheson 0-0: Ground out 6-3 (Groundball, 6, EV 85.6 MPH)
Batting: LHB Chance Pitts 0-0: Ball
1-0: Fly out, F6 (Flyball, 6MD, EV 86.2 MPH)
Batting: LHB Juan Beltrán 0-0: Called Strike
0-1: DOUBLE (Line Drive, 3D, EV 103.1 MPH)
Batting: RHB Kevin Alexander 0-0: Swinging Strike
0-1: Foul Ball, location: 2F
0-2: Strikes out swinging
Bottom of the 4th over - 0 runs, 1 hit, 0 errors, 1 left on base; Inglewood 2 - Chesapeake 1
TOP OF THE 5TH
Inglewood Infiltrators batting - Pitching for Chesapeake Bayhawks : RHP Ken Harvey
Batting: RHB Horace Prince 0-0: Ball
1-0: Ground out 6-3 (Groundball, 6, EV 86.9 MPH)
Batting: RHB Fernando Torres 0-0: Called Strike
0-1: Ball
1-1: Ball
2-1: Fly out, F7 (Flyball, 78D, EV 106.2 MPH)
Batting: RHB Dean Anderson 0-0: Foul Ball, location: 2F
0-1: Ball
1-1: Foul Ball, location: 2F
1-2: Strikes out looking
Top of the 5th over - 0 runs, 0 hits, 0 errors, 0 left on base; Inglewood 2 - Chesapeake 1
BOTTOM OF THE 5TH
Chesapeake Bayhawks batting - Pitching for Inglewood Infiltrators : RHP Fernando Torres
Batting: RHB Remie Blenkin 0-0: Ball
1-0: Ground out 4-3 (Groundball, 4, EV 77.5 MPH)
Batting: RHB Alfredo Martínez 0-0: Called Strike
0-1: Ball
1-1: Ball
2-1: Ground out 1-3 (Groundball, 34S, EV 62.5 MPH)
Batting: SHB Glenn Hart 0-0: Ball
1-0: Called Strike
1-1: Ball
2-1: Ground out 1-3 (Groundball, 15, EV 66.2 MPH)
Bottom of the 5th over - 0 runs, 0 hits, 0 errors, 0 left on base; Inglewood 2 - Chesapeake 1
TOP OF THE 6TH
Inglewood Infiltrators batting - Pitching for Chesapeake Bayhawks : RHP Ken Harvey
Batting: LHB Franklin Grimes 0-0: Called Strike
0-1: Foul Ball, location: 2F
0-2: Ball
1-2: Ball
2-2: Foul Ball, location: 2F
2-2: Fly out, F9 (Flyball, 9LM, EV 90.6 MPH)
Batting: RHB Juan Rivera 0-0: Ground out 4-3 (Groundball, 4, EV 90.6 MPH)
Batting: LHB José Rosales 0-0: Foul Ball, location: 2F
0-1: Ball
1-1: Ball
2-1: SINGLE (Groundball, 25, EV 63.1 MPH) (infield hit)
Batting: SHB Carlos Pacheco 0-0: Swinging Strike
0-1: Called Strike
0-2: Ball
1-2: Ball
Balk!
José Rosales to second
2-2: Fly out, F8 (Flyball, 89D, EV 100.6 MPH)
Top of the 6th over - 0 runs, 1 hit, 0 errors, 1 left on base; Inglewood 2 - Chesapeake 1
BOTTOM OF THE 6TH
Chesapeake Bayhawks batting - Pitching for Inglewood Infiltrators : RHP Fernando Torres
Pinch Hitting: LHB Pedro Hernández 0-0: Ground out 6-3 (Groundball, 6, EV 90.6 MPH)
Batting: RHB Doyle Kursumulu 0-0: Called Strike
0-1: Swinging Strike
0-2: Ball
1-2: Hit by Pitch
Batting: RHB Brendan Aitcheson 0-0: Fly out, F7 (Flyball, 7LD, EV 85.6 MPH)
Batting: LHB Chance Pitts 0-0: Fly out, F8 (Line Drive, 8RD, EV 101.9 MPH)
Bottom of the 6th over - 0 runs, 0 hits, 0 errors, 1 left on base; Inglewood 2 - Chesapeake 1
TOP OF THE 7TH
Inglewood Infiltrators batting - Pitching for Chesapeake Bayhawks : RHP Ken Harvey
Pitching: LHP Doug Pike
Batting: LHB Robin Lee 0-0: Ball
1-0: Foul Ball, location: 2F
1-1: Ball
2-1: Ball
3-1: Foul Ball, location: 2F
3-2: Base on Balls
Pitching: LHP Simon Long
Batting: RHB Christopher Stout 0-0: Bunt missed!
0-1: Bunt missed!
0-2: DOUBLE (Line Drive, 9LS, EV 110.0 MPH)
Robin Lee to third
Batting: RHB Horace Prince 0-0: Ball
1-0: Foul Ball, location: 2F
1-1: DOUBLE (Line Drive, 5D, EV 97.5 MPH)
Robin Lee scores
Christopher Stout scores
Batting: RHB Fernando Torres 0-0: Bunted foul
0-1: Bunt missed!
0-2: Sac Bunt to P - play at first, batter OUT! 1-4
Horace Prince to third
Batting: RHB Dean Anderson 0-0: Intentional Walk
Batting: LHB Franklin Grimes 0-0: Ball
1-0: Ground out 4-3 (Groundball, 4S, EV 68.8 MPH)
Horace Prince scores
Dean Anderson to second
Batting: RHB Juan Rivera 0-0: Ball
1-0: Ground out 6-3 (Groundball, 6S, EV 62.5 MPH)
Top of the 7th over - 3 runs, 2 hits, 0 errors, 1 left on base; Inglewood 5 - Chesapeake 1
BOTTOM OF THE 7TH
Chesapeake Bayhawks batting - Pitching for Inglewood Infiltrators : RHP Fernando Torres
Batting: LHB Juan Beltrán 0-0: Ball
1-0: Ball
2-0: Ball
3-0: Called Strike
3-1: Foul Ball, location: 2F
3-2: Foul Ball, location: 2F
3-2: Base on Balls
Batting: RHB Kevin Alexander 0-0: Fielders Choice at 2nd, 3-6 (Groundball, 34S, EV 83.1 MPH)
Batting: RHB Remie Blenkin 0-0: Ball
1-0: Called Strike
1-1: Fly out, F8 (Flyball, 8RM, EV 85.6 MPH)
Batting: RHB Alfredo Martínez 0-0: Foul Ball, location: 2F
0-1: Foul Ball, location: 2F
0-2: Ball
1-2: Ball
2-2: Ground out 1-3 (Groundball, 15S, EV 71.9 MPH)
Bottom of the 7th over - 0 runs, 0 hits, 0 errors, 1 left on base; Inglewood 5 - Chesapeake 1
TOP OF THE 8TH
Inglewood Infiltrators batting - Pitching for Chesapeake Bayhawks : LHP Simon Long
Batting: LHB José Rosales 0-0: Foul Ball, location: 2F
0-1: SINGLE (Groundball, 34D, EV 97.5 MPH)
Batting: SHB Carlos Pacheco 0-0: Fly out, F8 (Flyball, 89M, EV 93.8 MPH)
Batting: LHB Robin Lee 0-0: Called Strike
0-1: Ball
1-1: Swinging Strike
1-2: Foul Ball, location: 2F
1-2: Ball
2-2: Strikes out swinging
Batting: RHB Christopher Stout 0-0: Foul Ball, location: 2F
0-1: Ball
1-1: Ball
2-1: Foul Ball, location: 2F
2-2: Fly out, F5 (Popup, 56S, EV 81.2 MPH)
Top of the 8th over - 0 runs, 1 hit, 0 errors, 1 left on base; Inglewood 5 - Chesapeake 1
BOTTOM OF THE 8TH
Chesapeake Bayhawks batting - Pitching for Inglewood Infiltrators : RHP Fernando Torres
Batting: SHB Glenn Hart 0-0: Called Strike
0-1: Ball
1-1: Ground out 5-3 (Groundball, 56, EV 101.9 MPH)
Pinch Hitting: LHB Ronnie Couch 0-0: Ground out 3-1 (Groundball, 34S, EV 84.4 MPH)
Batting: RHB Doyle Kursumulu 0-0: Called Strike
0-1: Called Strike
0-2: Ball
1-2: Ball
2-2: Ball
3-2: Foul Ball, location: 2F
3-2: SINGLE (Groundball, 6M, EV 78.1 MPH) (infield hit)
Batting: RHB Brendan Aitcheson 0-0: Called Strike
0-1: Ball
1-1: Called Strike
1-2: Foul Ball, location: 2F
1-2: Ground out U3 (Groundball, 34S, EV 76.9 MPH)
Bottom of the 8th over - 0 runs, 1 hit, 0 errors, 1 left on base; Inglewood 5 - Chesapeake 1
TOP OF THE 9TH
Inglewood Infiltrators batting - Pitching for Chesapeake Bayhawks : LHP Simon Long
Pitching: RHP Francis Barns
Batting: RHB Horace Prince 0-0: Ground out 4-3 (Groundball, 4, EV 86.2 MPH)
Pinch Hitting: SHB Greg Montgomery 0-0: Ball
1-0: Swinging Strike
1-1: Swinging Strike
1-2: Ball
2-2: Foul Ball, location: 2F
2-2: Foul Ball, location: 2F
2-2: Foul Ball, location: 2F
2-2: Foul Ball, location: 2F
2-2: Strikes out swinging
Batting: RHB Dean Anderson 0-0: Called Strike
0-1: Ground out 1-3 (Groundball, P, EV 60.6 MPH)
Top of the 9th over - 0 runs, 0 hits, 0 errors, 0 left on base; Inglewood 5 - Chesapeake 1
BOTTOM OF THE 9TH
Chesapeake Bayhawks batting - Pitching for Inglewood Infiltrators : RHP Fernando Torres
Pitching: RHP Edgar Guerrero
Batting: LHB Chance Pitts 0-0: Ball
1-0: Ball
2-0: Called Strike
2-1: Called Strike
2-2: DOUBLE (Line Drive, 7LS, EV 94.4 MPH)
Batting: LHB Juan Beltrán 0-0: Ball
1-0: Called Strike
1-1: Ground out 4-3 (Groundball, 4, EV 98.8 MPH)
Chance Pitts to third
Batting: RHB Kevin Alexander 0-0: Ball
1-0: Foul Ball, location: 2F
1-1: Foul Ball, location: 2F
1-2: Foul Ball, location: 2F
1-2: Ball
2-2: Ground out 5-3 (Groundball, 5S, EV 90.0 MPH)
Batting: RHB Remie Blenkin 0-0: Ground out 5-3 (Groundball, 5S, EV 84.4 MPH)
Bottom of the 9th over - 0 runs, 1 hit, 0 errors, 1 left on base; Inglewood 5 - Chesapeake 1
Friday, February 24th , 2023 - OOTP Baseball 23.10 Build 110